 Dungeon Crawl Stone Soup version 0.30-a0-266-g2b27a225a3 (webtiles) character file.

Game seed: 14821160398325780991

54 Decritt the Firebug (level 3, -1/20 HPs)
             Began as a Gargoyle Fire Elementalist on Oct 14, 2022.
             Slain by Terence
             ... wielding a +0 short sword
              (2 damage)
             ... on level 2 of the Dungeon.
             The game lasted 00:03:21 (1001 turns).

Decritt the Firebug (Gargoyle Fire Elementalist)    Turns: 1001, Time: 00:03:21

Health: -1/20      AC:  6    Str: 11    XL:     3   Next: 91%
Magic:  2/6        EV: 11    Int: 17    God:
Gold:   59         SH:  0    Dex: 10    Spells: 5/6 levels left

rFire   . . .      SeeInvis .    i - +2 dagger (flame)
rCold   . . .      Faith    .    (no shield)
rNeg    + . .      Spirit   .    a - +0 robe
rPois   ∞          Reflect  .    (no helmet)
rElec   +          Harm     .    (no cloak)
rCorr   .          Rampage  .    (no gloves)
Will    .....                    g - +0 pair of boots
Stlth   ++........               (no amulet)
HPRegen 0.23/turn                (no ring)
MPRegen 0.10/turn                (no ring)

@: no status effects
A: sickness immunity, AC +3, negative energy resistance 1, electricity
resistance, torment resistance 1, petrification resistance
a: no special abilities


You were on level 2 of the Dungeon.
You visited 1 branch of the dungeon, and saw 2 of its levels.

You collected 59 gold pieces.

Inventory:

Hand Weapons
 e - a +0 short sword
 i - a +2 dagger of flaming (weapon)
Armour
 a - a +0 robe (worn)
 g - a +0 pair of boots (worn)
Magical Staves
 n - a staff of air
Scrolls
 c - 2 scrolls of teleportation {unknown}
 d - a scroll of butterflies {unknown}
 h - a scroll of identify {unknown}
 j - a scroll of blinking {unknown}
 k - 2 scrolls of enchant weapon {unknown}
 l - a scroll of fear {unknown}
 m - a scroll of silence {unknown}
Potions
 b - a potion of magic
 f - 2 potions of haste {unknown}
 o - a potion of ambrosia {unknown}


   Skills:
 + Level 1.4 Fighting
 + Level 1.3 Armour
 - Level 1.5 Dodging
 - Level 2.1 Stealth
 + Level 2.4 Spellcasting
 + Level 2.0 Conjurations
 + Level 3.3 Fire Magic


You had 5 spell levels left.
You knew the following spells:

 Your Spells              Type           Power      Damage    Failure   Level
a - Foxfire               Conj/Fire      44%        2x1d6     6%          1

Your spell library contained the following spells:

 Spells                   Type           Power      Damage    Failure   Level
 Scorch                   Fire           26%        2d6       7%          2
 Inner Flame              Hex/Fire       7%         N/A       28%         3
 Kindle Blastsparks       Fire/Tloc/Air  10%        2d10      34%         3
 Flame Wave               Conj/Fire      11%        2d6       52%         4


Dungeon Overview and Level Annotations

Branches:
Dungeon (2/15)

Altars:

Annotations:
D:2 Terence


Innate Abilities, Weirdness & Mutations

You are immune to sickness and miasma.
Your stone body is resilient. (AC +3)
You are immune to poison.
You resist negative energy. (rN+)
You are resistant to electric shocks. (rElec)
You are resistant to unholy torment.
You are immune to petrification.


Message History

Terence attacks as you move away! Terence hits you with a +0 short sword.
* * * LOW HITPOINT WARNING * * *
There is a stone staircase leading up here.
Casting: Foxfire (safe; 6% risk of failure)
Confirm with . or Enter, or press ? or * to list all spells.
You conjure some foxfire!
Terence hits you with a +0 short sword.
* * * LOW HITPOINT WARNING * * *
Terence hits you with a +0 short sword.
* * * LOW HITPOINT WARNING * * *
Your foxfire dissipates!
The foxfire hits Terence.
Terence is severely wounded.
You hit Terence. You burn Terence.
Terence is severely wounded.
Terence hits you but does no damage.
You closely miss Terence.
Terence is severely wounded.
Terence hits you with a +0 short sword.
* * * LOW HITPOINT WARNING * * *
You hit Terence. You burn Terence.
Terence is almost dead.
Terence closely misses you.
You hit Terence but do no damage.
Terence is almost dead.
Terence hits you with a +0 short sword.
* * * LOW HITPOINT WARNING * * *
You hit Terence but do no damage.
Terence is almost dead.
Terence closely misses you.
You closely miss Terence. Your punch misses Terence.
Terence is almost dead.
Terence bares his teeth.
Terence barely misses you.
You hit Terence but do no damage.
Terence is almost dead.
Terence hits you but does no damage.
You hit Terence. You burn Terence.
Terence is almost dead.
Terence hits you with a +0 short sword.
You die...

... #.# # #.# .#
#.##.# #.#...##
#.#####..# #.####
#........# #....#
########[###.##.#
##..@@##.#
##.#.##.##
#.......#
##########.##.<#
...........##..#
#############..#
#..# #..# #..##


You could see Terence.

Vanquished Creatures
  An orc wizard (D:2)
  4 orcs (D:2)
  2 endoplasms (D:1)
  2 giant cockroaches (D:1)
  2 goblins (D:1)
  A hobgoblin (D:1)
  A ball python (D:1)
  3 bats (D:1)
  3 frilled lizards (D:1)
  4 kobolds (D:1)
  2 rats (D:1)
25 creatures vanquished.

Vanquished Creatures (others)
  37 foxfires
37 creatures vanquished.

Grand Total: 62 creatures vanquished

Notes
Turn   | Place    | Note
-------+----------+-------------------------------------------
     0 | D:1      | Decritt the Gargoyle Fire Elementalist began the quest for
                  | the Orb.
     0 | D:1      | Reached XP level 1. HP: 10/10 MP: 3/3
   238 | D:1      | Reached XP level 2. HP: 8/16 MP: 5/5
   694 | D:1      | Reached skill level 1 in Fighting
   890 | D:2      | Reached skill level 1 in Armour
   891 | D:2      | Reached XP level 3. HP: 20/20 MP: 6/6
   905 | D:2      | Noticed Terence
   997 | D:2      | HP: 1/20 [Terence/+0 short sword (2)]
  1001 | D:2      | Slain by Terence

Illustrated notes

Levels and vault maps discovered:
D:1:      minmay_arrival_glassed_features, layout_loops_ring
D:2:      layout_loops_ring, serial_shops, nicolae_shop_advertising_works
          [nicolae_subvault_shop_adworks], corexii_leaking_fountain,
          minivault_14, uniq_terence

Skill      XL: |  1  2  3 |
---------------+----------+-----
Fighting       | 1 |  1.4
Armour         | 1 |  1.3
Conjurations   | 2 |  2.0
Dodging        | |  1.5
Stealth        | |  2.1
Spellcasting   | |  2.4
Fire Magic     | |  3.3

Action                   || total
-------------------------++-------
Melee: Short sword       ||     9
       Punch             ||     1
       Dagger            ||    40
 Cast: Foxfire           ||    27
 Stab: Sleeping          ||     3
Armor: Robe              ||    10
Dodge: Dodged            ||    17

Table legend: (Time is in decaauts)
 A = Elapsed time spent in this place.
 B = Non-inter-level travel time spent in this place.
 C = Inter-level travel time spent in this place.
 D = Time resting spent in this place.
 E = Time spent auto-exploring this place.
 F = Levels seen in this place.
 G = Mean time per level.
                   A        B        C        D        E       F      G
               +--------+--------+--------+--------+--------+-----+--------+
         Total |   1000 |    968 |     32 |     61 |    690 |   2 |  500.0 |
       Dungeon |   1000 |    968 |     32 |     61 |    690 |   2 |  500.0 |
               +--------+--------+--------+--------+--------+-----+--------+

Top non-repeatable levels by time:
     D:1: 914 daAuts
     D:2: 86 daAuts
